 Dungeon Crawl Stone Soup version 0.30-a0-748-ge6a52f7cba (webtiles) character file.

Game seed: 3215236765428685522

8397 mistaj the Fighter (level 11, -8/74 HPs)
             Began as a Gargoyle Fighter on Feb 8, 2023.
             Was a High Priest of Okawaru.
             Mangled by a komodo dragon (21 damage)
             ... on level 9 of the Dungeon.
             The game lasted 00:21:18 (10063 turns).

mistaj the Fighter (Gargoyle Fighter)              Turns: 10063, Time: 00:21:19

Health: -8/74      AC: 30    Str: 28    XL:     11   Next: 30%
Magic:  0/11       EV: 13    Int: 11    God:    Okawaru [*****.]
Gold:   203        SH:  6    Dex:  9    Spells: 10/10 levels left

rFire   . . .      SeeInvis .    G - +4 flail (venom)
rCold   . . .      Faith    .    c - +0 buckler
rNeg    + . .      Spirit   +    n - +1 chain mail "Eryisets" {rPois Str+3}
rPois   ∞          Reflect  .    m - +1 helmet
rElec   +          Harm     .    M - +0 cloak
rCorr   .          Rampage  .    i - +1 pair of gloves {Str+3}
Will    .....                    f - +1 pair of boots Stlth
                                 k - amulet of guardian spirit
HPRegen 0.32/turn                O - +5 ring of evasion
MPRegen 0.12/turn                l - +4 ring of protection

@: about to teleport
A: sickness immunity, AC +8, negative energy resistance 1, electricity
resistance, torment resistance 1, petrification resistance
a: Renounce Religion, Heroism, Finesse, Duel


You were on level 9 of the Dungeon.
You worshipped Okawaru.
Okawaru was extremely pleased with you.
You visited 3 branches of the dungeon, and saw 11 of its levels.

You collected 670 gold pieces.
You spent 467 gold pieces at shops.

Inventory:

Hand Weapons
 h - a +2 whip of flaming
 j - a +5 club
 u - the +1 flail of the Spider Nest {flame, *Corrode rElec rF+}
   (You bought it in a shop on level 7 of the Dungeon)

   rF:        It protects you from fire.
   rElec:     It insulates you from electricity.
   *Corrode:  It may corrode you when you take damage.
 B - a +1 morningstar of pain
 G - a +4 flail of venom (weapon)
Missiles
 A - 2 silver javelins (quivered)
 J - a throwing net
Armour
 c - a +0 buckler (worn)
 f - a +1 pair of boots (worn)
 i - a +1 pair of gloves of strength (worn)
 m - a +1 helmet (worn)
 n - the +1 chain mail "Eryisets" (worn) {rPois Str+3}
   (You found it on level 7 of the Dungeon)

   Str:       It affects your strength (+3).
   rPois:     It protects you from poison.
 z - +0 steam dragon scales
 M - a +0 cloak (worn)
Jewellery
 g - a ring of magical power
 k - an amulet of guardian spirit (around neck)
 l - a +4 ring of protection (right hand)
 r - a ring of see invisible
 O - a +5 ring of evasion (left hand)
Wands
 a - a wand of flame (52)
 w - a wand of digging (1)
 D - a wand of paralysis (8)
Scrolls
 p - a scroll of blinking
 q - a scroll of identify
 y - 6 scrolls of vulnerability
 L - a scroll of enchant weapon
Potions
 b - a potion of lignification {unknown}
 d - 4 potions of might
 e - 2 potions of mutation
 o - a potion of haste {unknown}
 s - 2 potions of attraction {unknown}
 t - 2 potions of flight
 v - a potion of invisibility {unknown}
 x - 2 potions of curing {unknown}
 E - a potion of berserk rage {unknown}
 F - a potion of cancellation {unknown}
 H - a potion of ambrosia {unknown}
 I - a potion of heal wounds {unknown}


   Skills:
 + Level 11.4 Fighting
 + Level 10.2 Maces & Flails
 + Level 4.3 Armour
 - Level 11.0 Shields


You had 10 spell levels left.
You didn't know any spells.
Your spell library contained the following spells:

 Spells                   Type           Power      Damage    Failure   Level
 Slow                     Hex            0%         N/A       93%         1
 Blink                    Tloc           0%         N/A       98%         2
 Ensorcelled Hibernation  Hex/Ice        0%         N/A       98%         2
 Lesser Beckoning         Tloc           0%         N/A       98%         2
 Momentum Strike          Conj/Tloc      0%         3d8       98%         2
 Poisonous Vapours        Pois/Air       0%         N/A       98%         2
 Confusing Touch          Hex            0%         N/A       100%        3
 Gell's Gravitas          Tloc           0%         N/A       100%        3
 Mephitic Cloud           Conj/Pois/Air  0%         N/A       100%        3
 Spider Form              Tmut/Pois      0%         N/A       100%        3
 Teleport Other           Tloc           0%         N/A       100%        3
 Vampiric Draining        Necr           0%         2d6       100%        3
 Anguish                  Hex/Necr       0%         N/A       100%        4
 Petrify                  Tmut/Erth      0%         N/A       100%        4
 Irradiate                Conj/Tmut      0%         3d11      100%        5
 Cigotuvi's Dreadful Rot  Necr/Pois/Air  Unusable   N/A       N/A         2
 Sublimation of Blood     Necr           Unusable   N/A       N/A         2

Dungeon Overview and Level Annotations

Branches:
Dungeon (9/15)             Temple (1/1) D:5            Lair (1/5) D:9
    Orc: D:9-12

Altars:
Cheibriados
Dithmenos
Gozag
Hepliaklqana
Makhleb
Okawaru
Qazlal
Ru
Trog
Uskayaw
Vehumet
Wu Jian
Zin
The Shining One

Shops:
D:3 *   D:5 =[*:   D:6 [   D:7 ((   D:8 =


Innate Abilities, Weirdness & Mutations

You are immune to sickness and miasma.
Your stone body is resilient. (AC +8)
You are immune to poison.
You resist negative energy. (rN+)
You are resistant to electric shocks. (rElec)
You are resistant to unholy torment.
You are immune to petrification.


Message History

Found a scale mail and 8 gold pieces.
Found a stone staircase leading down.
There is a staircase back to the Dungeon here.
A wolf comes into view.
You miss the wolf. You block the wolf's attack.
You barely miss the wolf. The wolf bites you.
The wolf bites you but does no damage.
You thump the komodo dragon!
The komodo dragon is poisoned.
The komodo dragon is moderately wounded.
The wolf bites you but does no damage. The komodo dragon bites you!
You hit the komodo dragon but do no damage.
The komodo dragon looks even sicker.
The komodo dragon is heavily wounded.
The wolf closely misses you. You block the wolf's attack.
The komodo dragon bites you! You block the wolf's attack. The wolf bites you.
The wolf barely misses you.
You hit the komodo dragon.
The komodo dragon is heavily wounded.
The wolf bites you but does no damage. The wolf misses you. x2
The komodo dragon bites you!! You block the wolf's attack.
The wolf bites you but does no damage. The wolf bites you.
* * * LOW HITPOINT WARNING * * *
You are too injured to fight recklessly!
You are too injured to fight recklessly!
The wolf bites you but does no damage. x2
The komodo dragon bites you but does no damage.
The wolf closely misses you.
You climb upwards.
Welcome back to the Dungeon!
There is a staircase to the Lair here.
As you read the scroll of teleportation, it crumbles to dust.
You feel strangely unstable. The wolf bites you.
* * * LOW HITPOINT WARNING * * *
The wolf bites you.
* * * LOW HITPOINT WARNING * * *
The komodo dragon bites you.
* * * LOW HITPOINT WARNING * * *
You block the wolf's attack. The wolf completely misses you.
You hit the wolf.
The wolf is moderately wounded.
You block the wolf's attack. The wolf misses you. The komodo dragon bites you!!
You die...

#..#..#.......#..#..#...#[...
#######..........#..#...#....
#.....#....P..P.....#...#....
#.....#.P.P.PPP.....#...#....
#..#..#P..P....P.............
#..#....P.P...P..............
#..#......P##h#P........#####
#..#.......#lh#...P.....#....
#..#...P...#@h#..PP.....#....
#..#...PP..####....P....#....
#..#.....P.P.P....PP....#....
#..#..#.P..P..P.P.......#....
#..#..#......P...P......#....
#..#..#.PP....P.........#####
#..#..####.....P...)....#....
#..#..............)#....#....
####...........#...#...)#....


You could see a komodo dragon (very poisoned) and 3 wolves.

Vanquished Creatures
  Pikel (D:7)
  Psyche (D:9)
  The ghost of osoart the Ruffian, an amateur DrTm (D:3)
  A hornet (D:5)
  Sigmund (D:6)
  2 wraiths (D:9)
  2 steam dragons (D:8)
  Edmund (D:6)
  7 water moccasins
  An ice beast (D:8)
  6 orc warriors
  9 black bears
  A sky beast (D:6)
  A hornet zombie (D:3)
  An ogre (D:5)
  2 centaurs (D:8)
  2 phantoms
  A lemure (D:7)
  5 kobold brigands
  2 necrophages
  6 scorpions
  4 bullfrogs
  12 wights
  17 killer bees
  A howler monkey (D:8)
  3 electric eels (D:6)
  A bullfrog zombie (D:3)
  A centaur skeleton (D:3)
  4 hounds
  2 jellies (D:4)
  A gnoll bouda (D:6)
  An orc priest (D:8)
  Jessica (D:3)
  4 iguanas
  9 orc wizards
  A howler monkey zombie (D:3)
  16 gnolls
  8 adders
  2 shadow imps
  3 white imps
  An ufetubus (D:6)
  4 dart slugs
  44 orcs
  5 ball pythons
  9 bats
  5 endoplasms
  A giant cockroach (D:1)
  6 goblins
  11 hobgoblins
  3 jackals (D:2)
  2 quokkas
  3 frilled lizards
  38 kobolds
  5 rats
282 creatures vanquished.

Vanquished Creatures (others)
  2 orcs (D:8)
  A fungus (D:9)
  9 plants
12 creatures vanquished.

Grand Total: 294 creatures vanquished

Notes
Turn   | Place    | Note
-------+----------+-------------------------------------------
     0 | D:1      | mistaj the Gargoyle Fighter began the quest for the Orb.
     0 | D:1      | Reached XP level 1. HP: 14/14 MP: 1/1
   112 | D:1      | Reached XP level 2. HP: 12/19 MP: 2/2
   256 | D:1      | Found a faded altar of an unknown god.
   660 | D:1      | Reached XP level 3. HP: 24/24 MP: 3/3
  1256 | D:2      | Reached XP level 4. HP: 29/29 MP: 4/4
  1701 | D:3      | Noticed Jessica
  1702 | D:3      | Killed Jessica
  1803 | D:3      | Found a hide-covered altar of Uskayaw.
  1803 | D:3      | Found an ornate altar of the Wu Jian Council.
  1844 | D:3      | Found a transporter.
  1848 | D:3      | Noticed osoart's ghost (amateur DrTm)
  1857 | D:3      | Found Niowes's General Store.
  1916 | D:3      | Found a transporter.
  1996 | D:3      | Reached XP level 5. HP: 31/34 MP: 5/5
  2137 | D:3      | Found a snail-covered altar of Cheibriados.
  2443 | D:4      | Noticed a phantom
  2672 | D:4      | Noticed a black bear
  2698 | D:4      | Killed a black bear
  2699 | D:4      | Reached skill level 5 in Fighting
  2699 | D:4      | Reached skill level 5 in Shields
  2699 | D:4      | Reached XP level 6. HP: 31/40 MP: 6/6
  2812 | D:4      | Found a glowing golden altar of the Shining One.
  2814 | D:4      | Noticed a black bear
  2826 | D:4      | Killed a black bear
  2837 | D:4      | Found a radiant altar of Vehumet.
  2840 | D:4      | Found an iron altar of Okawaru.
  2840 | D:4      | Found a burning altar of Makhleb.
  2857 | D:4      | Reached XP level 7. HP: 36/44 MP: 7/7
  2858 | D:4      | Became a worshipper of Warmaster Okawaru
  2861 | D:4      | Found a bloodstained altar of Trog.
  3081 | D:4      | Found an opulent altar of Gozag.
  3151 | D:4      | Found a glowing silver altar of Zin.
  3268 | D:5      | Entered Level 5 of the Dungeon
  3269 | D:5      | Found Kerghalus's Book Emporium.
  3342 | D:5      | Reached skill level 5 in Maces & Flails
  3374 | D:5      | Reached * piety under Okawaru
  3375 | D:5      | Reached XP level 8. HP: 49/52 MP: 8/8
  3440 | D:5      | Found a hazy altar of Hepliaklqana.
  3452 | D:5      | Found Jopisupp's Armour Shoppe.
  3512 | D:5      | Noticed a hornet
  3540 | D:5      | Killed a hornet
  3819 | D:5      | Found Hijem's Assorted Antiques.
  3897 | D:5      | Found a staircase to the Ecumenical Temple.
  3941 | Temple   | Entered the Ecumenical Temple
  3980 | D:5      | Found Ifan's Jewellery Shoppe.
  4355 | D:6      | Found a shadowy altar of Dithmenos.
  4529 | D:6      | Reached XP level 9. HP: 59/59 MP: 9/9
  4629 | D:6      | Reached ** piety under Okawaru
  4672 | D:6      | Found Looll's Armour Boutique.
  5041 | D:6      | Noticed Sigmund
  5045 | D:6      | Noticed Edmund
  5072 | D:6      | Killed Edmund
  5105 | D:6      | Killed Sigmund
  6259 | D:6      | Reached *** piety under Okawaru
  6709 | D:7      | Reached XP level 10. HP: 60/66 MP: 10/10
  6914 | D:7      | Identified the +1 chain mail "Eryisets" {rPois Str+3}
  6940 | D:7      | Found Nailo's Antique Weapon Shop.
  6988 | D:7      | Reached **** piety under Okawaru
  7008 | D:7      | Bought a twisted flail for 187 gold pieces
  7008 | D:7      | Identified the +1 flail of the Spider Nest {flame, *Corrode
                  | rElec rF+} (You bought it in a shop on level 7 of the
                  | Dungeon)
  7140 | D:7      | Noticed Pikel
  7151 | D:7      | Killed Pikel
  7152 | D:7      | Reached skill level 10 in Fighting
  7152 | D:7      | Reached skill level 10 in Shields
  7414 | D:7      | Found Kosoffu's Antique Weapon Boutique.
  7545 | D:3      | Bought a +1 pair of gloves of strength for 165 gold pieces
  7545 | D:3      | Bought a +1 helmet for 115 gold pieces
  7579 | D:3      | Killed osoart's ghost
  7776 | D:8      | Found Oses's One-of-a-Kind Rings.
  7819 | D:8      | Reached ***** piety under Okawaru
  8379 | D:8      | Received a gift from Okawaru
  8432 | D:8      | Reached XP level 11. HP: 65/73 MP: 11/11
  9227 | D:9      | Reached skill level 10 in Maces & Flails
  9416 | D:9      | Noticed Psyche
  9425 | D:9      | Killed Psyche
  9795 | D:9      | Found a staircase to the Lair.
 10051 | Lair:1   | Entered Level 1 of the Lair of Beasts
 10063 | D:9      | Mangled by a komodo dragon

Illustrated notes

Levels and vault maps discovered:
D:1:      elethiomel_arrival_infinity_welcomes_careful_drivers,
          layout_loops_ring, shapermc_ecumenical_altar_mp_highgroup,
          chequers_serial_rivers_micro_d
D:2:      layout_loops_corners
D:3:      layout_loops_ring, mainiacjoe_overflow_24_doors,
          mainiacjoe_overflow_divided_tiny, serial_shops, shop_fountains,
          gammafunk_ghost_mausoleum, uniq_jessica
D:4:      cheibrodos_old_hovel, layout_rooms,
          pdpol_temple_overflow_zin_treasury_gozag_greed,
          nicolae_overflow_hallway_of_the_gods, grunt_tough_drop
D:5:      layout_basic, mainiacjoe_overflow_paths,
          minmay_temple_entry_overgrown, serial_shops, nicolae_take_the_stairs,
          nicolae_lakefront_shop, kennysheep_little_box,
          nicolae_shop_advertising_works [nicolae_subvault_shop_adworks],
          grunt_decor_clamped, minmay_bent
D:6:      minmay_goblin_kobold_castle, layout_rooms,
          nicolae_dithmenos_the_darkroom, serial_shops, nicolae_shop_waterfront,
          sigmund_edmund_badplayer
D:7:      layout_basic, serial_shops, nicolae_square_shop, nicolae_shop_crystal,
          nicolae_figureground_sparkle, uniq_pikel
D:8:      layout_loops_ring, nicolae_shop_unique_rings, grunt_potential
D:9:      layout_grid_maze, grunt_lair_entry_orc_guard_hut, uniq_psyche
Temple:   dpeg_chambers_temple
Lair:1:   layout_chaotic_city, st_stairs_8

Skill      XL: |  1  2  3  4  5  6  7  8  9 10 11 |
---------------+----------------------------------+-----
Fighting       | 4 5 6 7 9 10 11 | 11.4
Shields        | 4 5 6 7 9 10 11 | 11.0
Maces & Flails | 3 4 5 6 8 9 10 | 10.2
Armour         | 4 |  4.3

Action                     |  1- 3 |  4- 6 |  7- 9 | 10-12 || total
---------------------------+-------+-------+-------+-------++-------
  Melee: Flail             |   108 |     9 |    14 |   418 ||   549
         Club              |       |   110 |   533 |       ||   643
    Use: Scroll            |     2 |       |    10 |     4 ||    16
 Armour: Scale mail        |    66 |    56 |   319 |    47 ||   488
         Chain mail        |       |       |       |   306 ||   306
  Dodge: Dodged            |    65 |    62 |   264 |   204 ||   595
  Block: Buckler           |    30 |    32 |   141 |   161 ||   364

Table legend: (Time is in decaauts)
 A = Elapsed time spent in this place.
 B = Non-inter-level travel time spent in this place.
 C = Inter-level travel time spent in this place.
 D = Time resting spent in this place.
 E = Time spent auto-exploring this place.
 F = Levels seen in this place.
 G = Mean time per level.
                   A        B        C        D        E       F      G
               +--------+--------+--------+--------+--------+-----+--------+
         Total |  10099 |   9340 |    759 |   1388 |   5372 |  11 |  918.1 |
       Dungeon |  10088 |   9329 |    759 |   1388 |   5372 |   9 | 1120.9 |
        Temple |      1 |      1 |      0 |      0 |      0 |   1 |    1.0 |
          Lair |      9 |      9 |      0 |      0 |      0 |   1 |    9.0 |
               +--------+--------+--------+--------+--------+-----+--------+

Top non-repeatable levels by time:
     D:6: 2191 daAuts
     D:7: 1242 daAuts
     D:5: 1141 daAuts
     D:9: 1075 daAuts
     D:3: 967 daAuts
     D:8: 893 daAuts
     D:1: 884 daAuts
     D:2: 852 daAuts
     D:4: 839 daAuts
  Lair:1: 9 daAuts
  Temple: 1 daAuts
